Map: Darkness Sanctuary LE

Players

axu - Winner!

  • Race: Protoss Protoss
  • Spawn Location: 5:00

VOD

Have the link to the VOD?

Description

Time

  • Played on: May 17, 2018, 11:19 a.m.
  • Length: 28:13
Show
View Real Time Build Order
Export as new Build Order

axu Protoss - Winner!

Build Orders:  

Get SALT Encoding   

  12  0:03  Probe (Chrono Boost)  
  14  0:22  Probe (Chrono Boost)  
  14  0:29  Pylon  
  15  0:42  Probe (Chrono Boost)  
  15  0:59  Probe (Chrono Boost), Gateway  
  16  1:14  Assimilator  
  16  1:15  Probe (Chrono Boost)  
  17  1:29  Probe (Chrono Boost)  
  18  1:40  Probe (Chrono Boost)  
  19  1:52  Probe (Chrono Boost)  
  20  2:06  Nexus  
  20  2:23  Cybernetics Core  
  20  2:39  Gateway  
  20  2:47  Probe (Chrono Boost)  
  21  2:51  Assimilator  
  21  3:04  Probe (Chrono Boost)  
  22  3:13  Pylon  
  23  3:21  Probe (Chrono Boost)  
  26  3:40  Probe (Chrono Boost)  
  26  3:52  Probe (Chrono Boost)  
  26  3:57  Probe (Chrono Boost)  
  30  4:05  Pylon  
  30  4:09  Probe (Chrono Boost)  
  31  4:15  Probe (Chrono Boost)  
  31  4:16  Unknown  
  32  4:26  Probe (Chrono Boost)  
  33  4:32  Probe (Chrono Boost), Robotics Facility  
  33  4:33  Unknown  
  34  4:42  Warp Gate  
  34  4:43  Probe (Chrono Boost)  
  34  4:46  Twilight Council  
  34  4:49  Probe (Chrono Boost)  
  37  5:00  Probe (Chrono Boost)  
  37  5:06  Probe (Chrono Boost)  
  42  5:17  Probe (Chrono Boost)  
  43  5:23  Probe (Chrono Boost)  
  43  5:28  Sentry x2  
  44  5:34  Pylon  
  44  5:36  Unknown x2  
  48  5:58  Probe x2 (Chrono Boost)  
  48  5:59  Assimilator  
  50  6:05  Assimilator  
  50  6:18  Immortal  
  54  6:27  Nexus  
  54  6:28  Probe (Chrono Boost)  
  54  6:29  Probe (Chrono Boost)  
  56  6:31  Pylon  
  56  6:40  Probe x2 (Chrono Boost)  
  56  6:48  Pylon  
  58  6:51  Probe (Chrono Boost)  
  58  6:52  Probe (Chrono Boost)  
  58  6:58  Adept x2  
  64  7:06  Probe (Chrono Boost)  
  64  7:07  Probe (Chrono Boost)  
  66  7:35  Probe (Chrono Boost)  
  66  7:36  Probe (Chrono Boost)  
  66  7:38  Pylon  
  68  7:41  Pylon  
  68  7:44  Unknown  
  68  7:49  Forge  
  68  7:52  Forge  
  68  7:56  Gateway  
  68  7:59  Gateway  
  68  8:03  Gateway  
  68  8:05  Gateway  
  68  8:08  Gateway  
  69  8:12  Probe x3 (Chrono Boost)  
  71  8:24  Protoss Ground Weapons Level 1  
  71  8:25  Protoss Ground Armor Level 1  
  71  8:26  Assimilator  
  71  8:29  Probe x3 (Chrono Boost)  
  74  8:30  Adept  
  74  8:31  Adept  
  74  8:32  Assimilator  
  78  8:46  Probe (Chrono Boost)  
  81  8:51  Probe x2 (Chrono Boost)  
  81  9:03  Probe (Chrono Boost)  
  81  9:08  Shield Battery, Probe x2 (Chrono Boost)  
  84  9:17  Immortal  
  84  9:28  Templar Archives  
  84  9:39  Adept x3  
  94  9:40  Adept x3  
  100  9:53  Probe (Chrono Boost)  
  100  9:57  Probe (Chrono Boost)  
  101  10:52  Protoss Ground Weapons Level 2, Protoss Ground Armor Level 2  
  101  11:11  Shield Battery  
  101  11:14  Shield Battery, Psionic Storm, Pylon  
  101  11:16  Pylon  
  101  11:18  Shield Battery  
  101  11:20  Pylon  
  101  11:24  Pylon  
  101  11:39  Immortal  
  108  11:42  Probe x3 (Chrono Boost)  
  108  11:48  Photon Cannon  
  108  11:51  Photon Cannon  
  108  11:52  Charge  
  108  11:54  Robotics Bay  
  108  11:55  Photon Cannon  
  108  11:58  Photon Cannon  
  108  11:59  Probe (Chrono Boost)  
  109  12:06  Pylon  
  109  12:07  High Templar x3  
  109  12:08  High Templar x4  
  109  12:09  Pylon  
  123  12:12  Pylon  
  123  12:34  Immortal  
  127  12:53  Nexus  
  127  12:57  Gateway  
  127  12:58  Pylon  
  127  13:01  Gateway, Pylon  
  127  13:03  Stargate  
  127  13:04  Gateway, Pylon  
  127  13:05  Gateway  
  127  13:06  Gateway  
  127  13:07  Stargate  
  127  13:08  Stargate  
  127  13:30  Protoss Ground Weapons Level 3  
  127  13:32  Protoss Ground Armor Level 3  
  127  13:40  Gravitic Boosters  
  127  13:49  Shield Battery  
  127  13:50  Shield Battery  
  127  13:53  Shield Battery  
  127  13:55  Shield Battery  
  127  14:03  Zealot  
  127  14:04  Zealot x4  
  127  14:05  Zealot x2  
  127  14:06  Warp Prism  
  141  14:11  Assimilator  
  141  14:17  Assimilator  
  143  14:31  Robotics Facility  
  143  14:51  Zealot x2  
  143  14:52  Zealot x4  
  143  14:53  Zealot  
  143  14:56  Immortal  
  161  15:20  Extended Thermal Lance  
  161  15:52  High Templar x4  
  161  15:53  High Templar x3  
  161  15:59  Archon  
  175  16:00  Archon x2  
  175  16:08  Archon  
  175  17:05  Probe (Chrono Boost)  
  154  17:20  High Templar x2  
  154  17:21  High Templar x4  
  166  17:42  Archon  
  166  17:43  Archon  
  166  17:47  Archon  
  164  17:56  Pylon  
  164  17:58  Pylon  
  162  18:00  Pylon  
  162  18:03  Pylon  
  162  18:05  Pylon  
  162  18:07  Pylon  
  162  18:09  Pylon  
  154  18:11  Pylon  
  146  18:24  High Templar  
  146  18:26  High Templar x3  
  146  18:27  High Templar  
  108  19:18  High Templar x2  
  108  19:19  High Templar x3  
  117  19:20  High Templar  
  117  19:24  Zealot x2  
  117  19:25  Zealot x2  
  117  19:27  Archon x3  
  127  19:57  Zealot x3  
  81  20:40  Zealot x3  
  81  20:49  Gateway  
  87  20:50  Gateway  
  87  20:54  Gateway  
  87  20:56  Gateway  
  86  21:42  Unknown  
  82  22:09  Pylon  
  82  22:12  Pylon  
  82  22:26  Probe (Chrono Boost)  
  83  22:39  Nexus  
  83  22:41  Zealot  
  83  22:43  Probe (Chrono Boost)  
  83  22:48  Zealot  
  83  22:49  Zealot x3  
  94  23:05  Oracle x2  
  100  23:16  Nexus  
  100  23:20  Pylon  
  100  23:22  Pylon  
  100  23:26  Unknown  
  100  23:27  Pylon  
  100  23:30  Pylon  
  100  23:43  Zealot x4  
  100  23:44  Zealot  
  110  23:58  Probe (Chrono Boost)  
  112  24:22  Probe (Chrono Boost)  
  113  24:39  Probe (Chrono Boost)  
  114  24:43  Zealot x4  
  114  24:44  Zealot  
  114  24:45  Probe (Chrono Boost)  
  124  24:56  Probe (Chrono Boost)  
  125  25:02  Probe (Chrono Boost)  
  126  25:19  Probe (Chrono Boost)  
  123  25:36  Probe (Chrono Boost)  
  118  25:53  Probe (Chrono Boost)  
  119  26:04  High Templar x4  
  119  26:05  High Templar  
  129  26:10  Archon x2  
  132  26:20  Probe x3 (Chrono Boost)  
  132  26:31  Void Ray x2  
  132  26:34  Gateway  
  132  26:37  Probe x3 (Chrono Boost), Gateway  
  132  26:39  Gateway  
  141  26:42  Gateway  
  141  26:54  Probe (Chrono Boost)  
  142  27:09  Zealot  
  144  27:10  Zealot x3  
  150  27:25  Probe x3 (Chrono Boost)  
  150  27:29  Assimilator  
  153  27:34  Assimilator  
  162  27:42  Probe x3 (Chrono Boost)  
Tags
 
Add a new tag
Caveats
  • Supply blocks, unpowered buildings, or Contaminate may cause inaccurate times.
  • Supply counts are checked every 10 seconds.